 Dungeon Crawl Stone Soup version 0.28-a0-1212-gc6b4282bc0 (webtiles) character file.

Game seed: 8213375399825835608

242 Fortus the Chopper (level 6, -2/32 HPs)
             Began as a Vine Stalker Fighter on Dec 21, 2021.
             Killed by divine providence
             ... invoked by an orc priest
              (8 damage)
             ... on level 3 of the Dungeon.
             The game lasted 00:03:12 (2403 turns).

Fortus the Chopper (Vine Stalker Fighter)           Turns: 2403, Time: 00:03:13

Health: -2/32      AC:  6    Str: 21    XL:     6   Next: 9%
Magic:  0/7        EV:  9    Int:  8    God:
Gold:   95         SH:  5    Dex: 13    Spells: 5/5 levels left

rFire   . . .      SeeInvis .   a - +0 war axe
rCold   . . .      Faith    .   c - +0 buckler
rNeg    . . .      Spirit   +   b - +0 scale mail
rPois   .          Reflect  .   (no helmet)
rElec   .          Harm     .   (no cloak)
rCorr   .          Rampage  .   (no gloves)
Will    .....                   (no boots)
Stlth   ..........              (no amulet)
HPRegen 0.90/turn               (no ring)
MPRegen 0.10/turn               (no ring)

@: no status effects
A: fangs 2, regeneration 1, magic shield, antimagic bite, no potion heal 2
a: no special abilities


You were on level 3 of the Dungeon.
You visited 1 branch of the dungeon, and saw 3 of its levels.

You collected 95 gold pieces.

Inventory:

Hand Weapons
 a - a +0 war axe (weapon)
Missiles
 k - a throwing net (quivered)
Armour
 b - a +0 scale mail (worn)
 c - a +0 buckler (worn)
Scrolls
 e - a scroll of identify {unknown}
 f - a scroll of enchant weapon {unknown}
 h - a scroll of blinking {unknown}
Potions
 d - a potion of might
 g - 3 potions of curing {unknown}
 i - a potion of flight {unknown}
 j - a potion of brilliance {unknown}
 l - a potion of attraction {unknown}


   Skills:
 - Level 2.7 Fighting
 + Level 4.7 Axes
 - Level 2.4 Armour
 - Level 4.0 Shields


You had 5 spell levels left.
You didn't know any spells.
Your spell library contained the following spells:

 Spells                   Type           Power      Damage    Failure   Level
 Magic Dart               Conj           0%         1d3       75%         1
 Call Imp                 Summ           0%         N/A       87%         2
 Mephitic Cloud           Conj/Pois/Air  0%         N/A       98%         3


Dungeon Overview and Level Annotations

Branches:
Dungeon (3/15)

Altars:
Qazlal
Yredelemnul

Annotations:
D:3 1 runed translucent door


Innate Abilities, Weirdness & Mutations

You have extremely sharp teeth.
Your natural rate of healing is unusually fast.
When hurt, damage is shared between your health and your magic reserves.
Your bite disrupts and absorbs the magic of your enemies.
Potions cannot restore your health.


Message History

There are monsters nearby!
You slash the orc priest! You bite the orc priest. You drain its power.
The orc priest is almost dead.
The orc priest invokes the aid of Beogh against you.
Pain shoots through your body!
You closely miss the orc priest.
You bite the orc priest, but do no damage.
The orc priest is almost dead.
The orc priest hits you but does no damage.
You hit the orc priest but do no damage.
You bite the orc priest. You drain its power.
You feel invigorated.
The orc priest is almost dead.
You block the orc priest's attack.
You barely miss the orc priest.
You bite the orc priest, but do no damage.
The orc priest is almost dead.
The orc priest calls upon Beogh to heal the orc priest.
The orc priest is healed somewhat.
The orc priest looks encouraged for a moment.
The orc priest hits you with a +0 short sword.
You hear a shout!
You closely miss the orc priest. You bite the orc priest. You drain its power.
The orc priest is almost dead.
The orc priest mumbles some strange prayers to Beogh against you.
Beogh smites you!
You hit the orc priest but do no damage.
You bite the orc priest, but do no damage.
The orc priest is almost dead.
The orc priest calls down the wrath of Beogh upon you.
Beogh smites you!
* * * LOW HITPOINT WARNING * * *
You closely miss the orc priest. Your bite misses the orc priest.
The orc priest is almost dead.
The orc priest looks braver for a moment.
You hit the orc priest.
You bite the orc priest, but do no damage.
The orc priest is almost dead.
The orc priest invokes the aid of Beogh against you.
Beogh smites you!
You die...

#.##o##.........
.....#.# ##.#.#.#
#o...#.# ##......#
##..o##### ##...#.##
##+## #....##)# ##...##
##...#@## ##.....##
##.#o## ##.......##
#..o.####.........###
#..o....'.........'..
#.......####.........###
#.#).#.## ##.......## #
#.##.# ##.....##### #.
#.# ##......... #. #.#
##..######


You could see 2 orc priests and an orc.

Vanquished Creatures
  A sky beast (D:3)
  An orc wizard (D:3)
  4 gnolls (D:2)
  2 adders (D:2)
  A dart slug (D:1)
  2 orcs (D:3)
  5 endoplasms
  A giant cockroach (D:1)
  5 goblins
  7 hobgoblins
  3 jackals (D:1)
  3 quokkas
  7 ball pythons
  6 bats
  3 frilled lizards
  A jackal skeleton (D:3)
  11 kobolds
  6 rats
69 creatures vanquished.

Notes
Turn   | Place    | Note
-------+----------+-------------------------------------------
     0 | D:1      | Fortus the Vine Stalker Fighter began the quest for the
                  | Orb.
     0 | D:1      | Reached XP level 1. HP: 11/11 MP: 2/2
    56 | D:1      | Reached XP level 2. HP: 16/16 MP: 3/3
   321 | D:1      | Reached XP level 3. HP: 19/19 MP: 4/4
   321 | D:1      | Found a stormy altar of Qazlal.
  1330 | D:2      | Gained mutation: Your natural rate of healing is unusually
                  | fast. [Vine Stalker growth]
  1330 | D:2      | Reached XP level 4. HP: 23/23 MP: 5/5
  1891 | D:3      | Found a runed translucent door.
  1895 | D:3      | Reached XP level 5. HP: 27/27 MP: 6/6
  1895 | D:3      | Noticed a human
  1899 | D:3      | Found a basalt altar of Yredelemnul.
  2211 | D:3      | Noticed a sky beast
  2232 | D:3      | Killed a sky beast
  2371 | D:3      | Found a faded altar of an unknown god.
  2391 | D:3      | Reached XP level 6. HP: 30/32 MP: 7/7
  2403 | D:3      | Killed from afar by an orc priest

Illustrated notes

Levels and vault maps discovered:
D:1:      kennysheep_arrival_forest, layout_loops_ring, minivault_25,
          palyth_stone_intersect, minmay_hexomino_r4
D:2:      layout_loops_ring, kennysheep_nondescript
D:3:      layout_loops_corners, dk_yredelemnul_ordeal,
          shapermc_ecumenical_altar_starsandcircs, serial_rivers,
          chequers_serial_rivers_small_a, chequers_serial_rivers_small_b,
          chequers_serial_rivers_small_a, chequers_serial_rivers_small_a,
          chequers_serial_rivers_large_a

Skill      XL: |  1  2  3  4  5 |
---------------+----------------+-----
Axes           | 2 3 4 |  4.7
Shields        | 3 4 |  4.0
Fighting       | |  2.7
Armour         | |  2.4

Action                   |  1- 3 |  4- 6 || total
-------------------------+-------+-------++-------
Melee: War axe           |    86 |    91 ||   177
       Bite              |    14 |    24 ||    38
Armor: Scale mail        |    38 |    31 ||    69
Dodge: Dodged            |    40 |    21 ||    61
Block: Buckler           |    23 |    18 ||    41

Table legend: (Time is in decaauts)
 A = Elapsed time spent in this place.
 B = Non-inter-level travel time spent in this place.
 C = Inter-level travel time spent in this place.
 D = Time resting spent in this place.
 E = Time spent auto-exploring this place.
 F = Levels seen in this place.
 G = Mean time per level.
                   A        B        C        D        E       F      G
               +--------+--------+--------+--------+--------+-----+--------+
         Total |   2469 |   2354 |    115 |    298 |   1609 |   3 |  823.0 |
       Dungeon |   2469 |   2354 |    115 |    298 |   1609 |   3 |  823.0 |
               +--------+--------+--------+--------+--------+-----+--------+

Top non-repeatable levels by time:
     D:2: 1140 daAuts
     D:1: 754 daAuts
     D:3: 574 daAuts
